 Dungeon Crawl Stone Soup version 0.29-a0-676-ga64570c9d2 (webtiles) character file.

Game seed: 1320443994928209359

3251 buhh the Quickloader (level 10, -36/83 HPs)
             Began as a Formicid Hunter on June 24, 2022.
             Was an Initiate of Hepliaklqana.
             Annihilated by a two-headed ogre
             ... wielding a +0 giant spiked club
              (50 damage)
             ... on level 8 of the Dungeon.
             The game lasted 00:17:07 (9671 turns).

buhh the Quickloader (Formicid Hunter)              Turns: 9671, Time: 00:17:07

Health: -36/83     AC:  8    Str: 16    XL:     10   Next: 19%
Magic:  0/10       EV: 17    Int: 11    God:    Hepliaklqana [......]
Gold:   362        SH:  0    Dex: 25    Spells: 9/9 levels left

rFire   . . .      SeeInvis +   a - +3 hand crossbow (chaos)
rCold   . . .      Faith    .   (no shield)
rNeg    . . .      Spirit   +   x - +0 steam dragon scales
rPois   .          Reflect  .   (helmet unavailable)
rElec   .          Harm     .   (no cloak)
rCorr   .          Rampage  .   s - +2 pair of gloves
Will    +....                   (no boots)
Stlth   ++........              k - amulet of guardian spirit
HPRegen 0.23/turn               p - +6 ring of dexterity
MPRegen 0.12/turn               v - +4 ring of evasion

@: no status effects
A: permanent stasis, dig shafts and tunnels, antennae 3, four strong arms
a: Dig, Shaft Self, Renounce Religion


You were on level 8 of the Dungeon.
You worshipped Hepliaklqana.
Hepliaklqana was noncommittal.
You visited 2 branches of the dungeon, and saw 9 of its levels.
You also visited: Sewer.

You collected 362 gold pieces.

Inventory:

Hand Weapons
 a - a +3 hand crossbow of chaos (weapon)
Missiles
 A - 14 poisoned darts
Armour
 s - a +2 pair of gloves (worn)
 x - +0 steam dragon scales (worn)
Magical Staves
 o - a staff of earth
Jewellery
 g - a ring of magical power
 h - a +6 ring of strength
 i - a ring of willpower
 k - an amulet of guardian spirit (around neck)
 p - a +6 ring of dexterity (left hand)
 v - a +4 ring of evasion (right hand)
Wands
 f - a wand of flame (18)
 C - a wand of quicksilver (3)
 G - a wand of paralysis (10)
Scrolls
 c - 2 scrolls of blinking {!d}
 l - a scroll of noise
 n - a scroll of fear {!r}
 t - 3 scrolls of teleportation {!d}
 F - a scroll of enchant weapon
 Q - 6 scrolls of fog
 T - 2 scrolls of immolation {!d}
 Z - 3 scrolls of enchant armour
Potions
 b - 2 potions of degeneration {unknown}
 d - 3 potions of cancellation {unknown}
 e - a potion of invisibility {unknown}
 j - 2 potions of haste {unknown}
 m - a potion of attraction {unknown}
 q - 2 potions of lignification {unknown}
 r - a potion of berserk rage {unknown}
 u - 2 potions of ambrosia {unknown}
 w - a potion of mutation {unknown}
 z - a potion of brilliance {unknown}
 D - 3 potions of heal wounds {unknown}
 J - 3 potions of magic {!q!d}


   Skills:
 + Level 9.0 Fighting
 * Level 11.9 Crossbows
 - Level 1.7 Dodging
 - Level 1.2 Stealth


You had 9 spell levels left.
You didn't know any spells.
Your spell library contained the following spells:

 Spells                   Type           Power      Damage    Failure   Level
 Sting                    Tmut/Pois      0%         1d3       34%         1
 Summon Small Mammal      Summ           0%         N/A       34%         1
 Poisonous Vapours        Pois/Air       0%         N/A       47%         2
 Scorch                   Fire           0%         2d5       47%         2
 Ignite Poison            Fire/Tmut/Pois 0%         N/A       71%         3
 Mephitic Cloud           Conj/Pois/Air  0%         N/A       71%         3
 Flame Wave               Conj/Fire      0%         2d4       98%         4
 Olgreb's Toxic Radiance  Pois           0%         N/A       98%         4
 Freezing Cloud           Conj/Ice/Air   0%         6-21      100%        5
 Summon Cactus Giant      Summ           0%         N/A       100%        6


Dungeon Overview and Level Annotations

Branches:
Dungeon (8/15) Zot: 24064  Temple (1/1) D:7 Zot: 5787   Sewer (visited)
   Lair: D:8-11

Altars:
Ashenzari
Cheibriados
Dithmenos
Elyvilon
Fedhas
Gozag
Hepliaklqana
Kikubaaqudgha
Makhleb
Nemelex Xobeh
Okawaru
Qazlal
Ru
Sif Muna
Trog
Uskayaw
Vehumet
Wu Jian
Xom
Yredelemnul
The Shining One

Shops:
D:6 ?


Innate Abilities, Weirdness & Mutations

You cannot be hasted, slowed, berserked, paralysed or teleported.
You can dig through walls and to a lower floor.
You have a pair of large antennae on your head. (SInv)
Your four strong arms can wield two-handed weapons with a shield.


Message History

You shoot a bolt. The orc shouts!
The bolt hits the orc.
The orc seems to grow stronger.
The orc is heavily wounded.
You hear two shouts!
A two-headed ogre comes into view.
It is wielding two +0 giant spiked clubs.
There are monsters nearby!
You shoot a bolt. The bolt hits the orc wizard!
The orc wizard's magic leaks into the air.
The orc wizard is heavily wounded.
You shoot a bolt. The bolt hits the orc.
The bolt burns the orc.
The orc is severely wounded.
The orc wizard's magic is no longer disrupted.
You shoot a bolt. The bolt barely misses the orc.
The bolt hits the orc wizard.
The orc wizard easily resists.
The orc wizard is almost dead.
You shoot a bolt. The bolt closely misses the orc.
The bolt hits the orc wizard!
The bolt freezes the orc wizard.
You kill the orc wizard!
The orc barely misses you.
Your Fighting skill increases to level 9!
You shoot a bolt. The bolt hits the orc.
The bolt burns the orc.
You kill the orc!
An orc priest comes into view. It is wielding a +0 club.
You shoot a bolt. The orc priest shouts!
The bolt hits the two-headed ogre.
The two-headed ogre goes berserk!
The two-headed ogre is lightly wounded.
The orc priest drinks a potion.
The orc priest suddenly seems more resistant.
The two-headed ogre hits you with a +0 giant spiked club!!
The two-headed ogre hits you with a +0 giant spiked club!!!
* * * LOW HITPOINT WARNING * * *
Really read
n - 2 scrolls of fear {!r}?
As you read the scroll of fear {!r}, it crumbles to dust.
You assume a fearsome visage.
The two-headed ogre is unaffected.
The orc priest looks frightened!
The two-headed ogre hits you with a +0 giant spiked club!!!
Ouch! That really hurt!
You die...

......
....
.... ...
#### ###
#.. ....
..# #)#
#### #.#
#O# #.#
#.####@#
#.#
#......#
#)#
#####.##
#<# #.#
#.# #.#
## #o#
#.# .#
#.# #.#
.# ##.#
#.# .#
##.#.##
#.#


You could see a two-headed ogre (berserk).

Vanquished Creatures
  A hornet (D:7)
  A wyvern (D:8)
  2 steam dragons (D:7)
  2 water moccasins (D:7)
  An ice beast (D:8)
  An orc warrior (D:4)
  A sky beast (D:8)
  A black bear (D:6)
  2 centaurs
  2 gnoll sergeants
  2 bullfrogs (D:8)
  2 scorpions (D:6)
  3 wights (D:6)
  A howler monkey (D:8)
  8 hounds
  3 orc priests
  2 jellies
  Jessica (D:3)
  3 iguanas
  Natasha (thrice) (D:4)
  7 orc wizards
  14 gnolls
  15 adders
  9 river rats
  A shadow imp (D:5)
  A white imp (D:6)
  3 worms
  5 dart slugs
  28 orcs
  9 endoplasms
  3 giant cockroaches
  10 goblins
  6 hobgoblins
  7 jackals
  40 kobolds
  7 quokkas
  10 ball pythons
  7 bats
  7 frilled lizards
  31 rats
262 creatures vanquished.

Vanquished Creatures (others)
  An orc wizard (D:5)
1 creature vanquished.

Grand Total: 263 creatures vanquished

Notes
Turn   | Place    | Note
-------+----------+-------------------------------------------
     0 | D:1      | buhh the Formicid Hunter began the quest for the Orb.
     0 | D:1      | Reached XP level 1. HP: 16/16 MP: 1/1
   188 | D:1      | Reached XP level 2. HP: 23/23 MP: 2/2
   386 | D:1      | Reached XP level 3. HP: 28/28 MP: 3/3
   548 | D:1      | You fall into a shaft and drop 1 floor!
  1432 | D:2      | Reached XP level 4. HP: 35/35 MP: 4/4
  1547 | D:2      | Reached skill level 5 in Crossbows
  2089 | D:3      | Noticed Jessica
  2102 | D:3      | Killed Jessica
  2103 | D:3      | Reached XP level 5. HP: 32/41 MP: 3/5
  2432 | D:3      | Found a faded altar of an unknown god.
  2802 | D:3      | Found an opulent altar of Gozag.
  3301 | D:4      | Reached skill level 6 in Crossbows
  3301 | D:4      | Reached XP level 6. HP: 45/48 MP: 6/6
  3383 | D:4      | Found a shimmering blue altar of Sif Muna.
  3390 | D:4      | Got Sif Muna's Compendium of the Poisonous Entourage
  3395 | D:4      | Found a bloodstained altar of Trog.
  3395 | D:4      | Noticed an orc warrior
  3404 | D:4      | Killed an orc warrior
  3409 | D:4      | Reached XP level 7. HP: 15/55 MP: 1/7
  3769 | D:4      | Noticed Natasha
  3772 | D:4      | Killed Natasha
  3773 | D:4      | Reached skill level 7 in Crossbows
  3792 | D:4      | Noticed Natasha
  3802 | D:4      | Killed Natasha
  3815 | D:4      | Noticed Natasha
  3822 | D:4      | Killed Natasha
  4058 | D:4      | You fall into a shaft and drop 1 floor!
  4058 | D:5      | Entered Level 5 of the Dungeon
  4696 | D:5      | Reached XP level 8. HP: 63/63 MP: 8/8
  4837 | D:5      | Reached skill level 8 in Crossbows
  5808 | D:6      | You fall into a shaft and drop 2 floors!
  5921 | D:8      | Reached skill level 9 in Crossbows
  6019 | D:6      | Found a glowing drain.
  6028 | Sewer    | Entered a sewer
  6505 | Sewer    | Reached XP level 9. HP: 68/68 MP: 9/9
  7190 | D:6      | Reached skill level 10 in Crossbows
  7317 | D:6      | Found Uvven's Magic Scroll Emporium.
  7970 | D:7      | Noticed a hornet
  8216 | D:7      | Killed a hornet
  8772 | D:7      | Found a staircase to the Ecumenical Temple.
  8779 | Temple   | Entered the Ecumenical Temple
  8844 | Temple   | Became a worshipper of Hepliaklqana the Forgotten
  9021 | D:7      | Reached skill level 11 in Crossbows
  9202 | D:7      | Reached XP level 10. HP: 76/82 MP: 8/10
  9616 | D:8      | Identified the +4 hand axe "Erhuose" {holy, Str+3 SInv
                  | Stlth+}
  9664 | D:8      | Noticed a two-headed ogre
  9671 | D:8      | Annihilated by a two-headed ogre

Illustrated notes

Levels and vault maps discovered:
D:1:      sevenhm_arrival_forest_fort_small_6, layout_loops_ring,
          minmay_misc_feat_ornament, minmay_misc_feat_columns,
          serial_park_tiny_2
D:2:      minmay_razor_zed, layout_basic
D:3:      layout_basic, nicolae_gozag_seed_capital,
          chequers_ecumenical_altar_twisty, uniq_jessica
D:4:      minmay_goblin_kobold_castle, layout_cave_pools,
          nzn_overflow_gifts_of_might_and_magic, uniq_natasha
D:5:      layout_basic
D:6:      layout_rooms, lightli_sewer_entry_pipes, serial_shops,
          nicolae_shop_statue_plus
D:7:      layout_loops_ring, minmay_temple_entry_nine_rooms,
          corexii_item_surrounded_by_moat
D:8:      layout_loops_ring, skrybe_limestone_x
Temple:   regret_index_temple_mists

Skill      XL: |  1  2  3  4  5  6  7  8  9 10 |
---------------+-------------------------------+-----
Fighting       | 3 4 5 6 8 9 |  9.0
Crossbows      | 5 6 7 9 11 | 11.9
Dodging        | |  1.7
Stealth        | |  1.2

Action                   |  1- 3 |  4- 6 |  7- 9 | 10-12 || total
-------------------------+-------+-------+-------+-------++-------
 Fire: Hand crossbow     |    95 |   147 |   442 |    45 ||   729
 Abil: Dig               |     1 |       |       |       ||     1
       Shaft Self        |       |       |     2 |       ||     2
Evoke: Wand              |       |       |     2 |       ||     2
  Use: Potion            |       |     1 |     3 |       ||     4
       Scroll            |       |       |    16 |     1 ||    17
Armor: Leather armour    |    11 |    13 |       |       ||    24
       Robe              |       |     1 |    36 |       ||    37
       Steam dragon scal |       |       |       |     2 ||     2
Dodge: Dodged            |    32 |    73 |   204 |     6 ||   315

Table legend: (Time is in decaauts)
 A = Elapsed time spent in this place.
 B = Non-inter-level travel time spent in this place.
 C = Inter-level travel time spent in this place.
 D = Time resting spent in this place.
 E = Time spent auto-exploring this place.
 F = Levels seen in this place.
 G = Mean time per level.
                   A        B        C        D        E       F      G
               +--------+--------+--------+--------+--------+-----+--------+
         Total |   9863 |   9335 |    528 |   1893 |   5829 |  10 |  986.3 |
       Dungeon |   8884 |   8384 |    500 |   1714 |   5288 |   8 | 1110.5 |
        Temple |    212 |    185 |     27 |      0 |    131 |   1 |  212.0 |
         Sewer |    766 |    766 |      0 |    179 |    409 |   1 |  766.0 |
               +--------+--------+--------+--------+--------+-----+--------+

Top non-repeatable levels by time:
     D:5: 1682 daAuts
     D:6: 1437 daAuts
     D:3: 1232 daAuts
     D:2: 1196 daAuts
     D:7: 1128 daAuts
     D:1: 922 daAuts
     D:4: 778 daAuts
   Sewer: 766 daAuts
     D:8: 505 daAuts
  Temple: 212 daAuts
